 Dungeon Crawl Stone Soup version 0.30-a0-371-gad7725a93e (webtiles) character file.

Game seed: 16923546516248672537

214 jfcaron the Covered (level 6, -2/53 HPs)
             Began as a Meteoran Fighter on Nov 21, 2022.
             Slain by an ice beast (8 damage)
             ... on level 5 of the Dungeon.
             The game lasted 00:04:42 (1296 turns).

jfcaron the Covered (Meteoran Fighter)              Turns: 1296, Time: 00:04:42

Health: -2/53      AC:  8    Str: 20    XL:     6   Next: 38%
Magic:  7/7        EV:  9    Int: 10    God:
Gold:   172        SH:  5    Dex: 13    Spells: 5/5 levels left

rFire   . . .      SeeInvis .    a - +0 war axe
rCold   . . .      Faith    .    c - +0 buckler
rNeg    . . .      Spirit   .    b - +0 scale mail
rPois   .          Reflect  .    l - +0 helmet
rElec   .          Harm     .    (no cloak)
rCorr   .          Rampage  .    (no gloves)
Will    .....                    (no boots)
Stlth   ..........               (no amulet)
HPRegen 0.28/turn                (no ring)
MPRegen 0.10/turn                (no ring)

@: glowing
A: sense surroundings 1, otherworldly, glowing, explore regen
a: no special abilities


You were on level 5 of the Dungeon.
You visited 1 branch of the dungeon, and saw 5 of its levels.

You collected 172 gold pieces.

Inventory:

Hand Weapons
 a - a +0 war axe (weapon)
Missiles
 e - 2 poisoned darts
Armour
 b - a +0 scale mail (worn)
 c - a +0 buckler (worn)
 l - a +0 helmet (worn)
Scrolls
 j - a scroll of poison {unknown}
 k - 4 scrolls of enchant weapon {unknown}
 o - a scroll of butterflies {unknown}
Potions
 d - a potion of brilliance
 f - a potion of flight {unknown}
 g - a potion of haste
 h - 2 potions of invisibility
 m - a potion of heal wounds
 n - a potion of mutation {unknown}


   Skills:
 + Level 4.5 Fighting
 + Level 4.1 Axes
 + Level 4.9 Armour
 + Level 4.9 Shields


You had 5 spell levels left.
You didn't know any spells.
Your spell library contained the following spells:

 Spells                   Type           Power      Damage    Failure   Level
 Summon Small Mammal      Summ           0%         N/A       78%         1
 Call Canine Familiar     Summ           0%         N/A       98%         3
 Summon Guardian Golem    Hex/Summ       0%         N/A       98%         3


Dungeon Overview and Level Annotations

Branches:
Dungeon (5/15) Zot: 1636
 Temple: D:4-7

Altars:
Elyvilon


Innate Abilities, Weirdness & Mutations

You passively map a small area around you.
You are easily found by Zot.
You glow in the dark.
You regain HP and MP as you explore.


Message History

The ice beast hits you but does no damage.
The kobold barely misses you.
The ice beast hits you but does no damage.
You hit the ice beast.
The ice beast is moderately wounded.
You hit the kobold.
You kill the kobold!
The ice beast hits you but does no damage.
Unknown command.
You closely miss the ice beast.
The ice beast is moderately wounded.
You block the ice beast's attack.
You barely miss the ice beast.
The ice beast is moderately wounded.
The ice beast hits you but does no damage. x2
You closely miss the ice beast.
The ice beast is moderately wounded.
You block the ice beast's attack.
You closely miss the ice beast.
The ice beast is moderately wounded.
The ice beast hits you but does no damage.
You closely miss the ice beast.
The ice beast is moderately wounded.
The ice beast barely misses you.
The ice beast hits you but does no damage.
You slash the ice beast!
The ice beast is heavily wounded.
The ice beast hits you but does no damage.
You hit the ice beast.
The ice beast is severely wounded.
The ice beast hits you.
* * * LOW HITPOINT WARNING * * *
The ice beast freezes you!
* * * LOW HITPOINT WARNING * * *
You hit the ice beast.
The ice beast is almost dead.
The ice beast hits you.
* * * LOW HITPOINT WARNING * * *
The ice beast freezes you!
You die...

.# , , .# *
* * .# *, ,
, .. , * *
.#* * * .#
*
########Y#
,......)@.#
*
##########
*, * * * *
, *


You could see an ice beast.

Vanquished Creatures
  A black bear (D:4)
  Robin (D:2)
  2 gnolls (D:4)
  3 adders
  A worm (D:4)
  2 dart slugs
  4 orcs
  7 endoplasms
  13 goblins
  6 hobgoblins
  2 jackals (D:2)
  A quokka (D:3)
  3 ball pythons
  5 bats
  A frilled lizard (D:1)
  5 kobolds
  3 rats
60 creatures vanquished.

Notes
Turn   | Place    | Note
-------+----------+-------------------------------------------
     0 | D:1      | jfcaron the Meteoran Fighter began the quest for the Orb.
     0 | D:1      | Reached XP level 1. HP: 19/19 MP: 2/2
   133 | D:1      | Reached XP level 2. HP: 25/26 MP: 3/3
   368 | D:2      | Reached XP level 3. HP: 22/31 MP: 4/4
   659 | D:3      | Noticed Robin
   663 | D:2      | Reached XP level 4. HP: 31/40 MP: 5/5
   680 | D:2      | Killed Robin
   923 | D:3      | Reached XP level 5. HP: 46/46 MP: 6/6
   990 | D:4      | Found a white marble altar of Elyvilon.
  1147 | D:4      | Noticed a black bear
  1158 | D:4      | Killed a black bear
  1159 | D:4      | Reached XP level 6. HP: 47/53 MP: 7/7
  1284 | D:5      | Entered Level 5 of the Dungeon
  1284 | D:5      | Noticed an ice beast
  1295 | D:5      | HP: 7/53 [ice beast (8)]
  1296 | D:5      | Slain by an ice beast

Illustrated notes

Levels and vault maps discovered:
D:1:      lemuel_arrival_behind_the_door_small, layout_loops_ring,
          minmay_tripent
D:2:      layout_basic, hellmonk_ecumenical_altar_crossroads
D:3:      layout_basic, minmay_misc_feat_square, uniq_robin
D:4:      layout_basic, elyvilon_altar_4, mainiacjoe_overflow_swirl
D:5:      layout_loops_ring, gammafunk_ghost_abyssal_escape, uniq_menkaure

Skill      XL: |  1  2  3  4  5 |
---------------+----------------+-----
Armour         | 4 |  4.9
Shields        | 4 |  4.9
Axes           | 3 4 |  4.1
Fighting       | 4 |  4.5

Action                   |  1- 3 |  4- 6 || total
-------------------------+-------+-------++-------
Melee: War axe           |    90 |    83 ||   173
Throw: Dart              |     1 |     2 ||     3
  Use: Potion            |       |     3 ||     3
       Scroll            |       |     5 ||     5
Armor: Scale mail        |    61 |    67 ||   128
Dodge: Dodged            |    41 |    43 ||    84
Block: Buckler           |    30 |    27 ||    57

Table legend: (Time is in decaauts)
 A = Elapsed time spent in this place.
 B = Non-inter-level travel time spent in this place.
 C = Inter-level travel time spent in this place.
 D = Time resting spent in this place.
 E = Time spent auto-exploring this place.
 F = Levels seen in this place.
 G = Mean time per level.
                   A        B        C        D        E       F      G
               +--------+--------+--------+--------+--------+-----+--------+
         Total |   1362 |   1350 |     12 |      0 |    895 |   5 |  272.4 |
       Dungeon |   1362 |   1350 |     12 |      0 |    895 |   5 |  272.4 |
               +--------+--------+--------+--------+--------+-----+--------+

Top non-repeatable levels by time:
     D:1: 365 daAuts
     D:2: 355 daAuts
     D:4: 316 daAuts
     D:3: 309 daAuts
     D:5: 15 daAuts
